Unix NetHack Version 5.0.0-0 post-release - last build May 17 2026 04:57:42 (dc50c8380fa5e20985bfe3072449f57b8d9895ef,branch:main).

Game began 2026-05-20 22:37:37, ended 2026-05-22 00:10:15.

Ch3Begorrah, chaotic male human Rogue

                          ------                     -------  ---------------
  |...|    -        ------|.[((|     -----       -----.....----........|..|.|
  |...|   ..------  |...|.-$(((|   ---...---    --..|...--......|...{..-..-%|
  ||-----.........  |...|.|..(!|  --.......-----|...|....|--------.....|..(.|
  |..............-  --|-..---------..........-..|........|------ |.--|-------
  -----......)...----.))..[)...........)........|-...|...-|.(((| |.|...|
   |..-...............-|.--%.--.-..-|.../......-|.....-...-$.((| |.|...|
   |..|-.........|...-|..|...-......|-....|.....|..---...-|.(((| |[-------
   ---  -.---...-|...-|..|..|....|..---.....--......|....|------ |.._.%..--
        -|- ---.--....---.---$..--...)...-|.|------....--|  -----------...|
       ..$.|  |........|...|..........|---..|..|--.......|  |*.%..%?..|...|
      |%%%%| --..)...---...........----   |.|..||...{....|--|`.[.?.*$.|..--
      ------ |..|.............---Y--   ---|.-..|-.....(.-|..--------|--..--
         -----..|....|.....--`- |.|    |..|.--........^.--)...............|
      ----.|....|..----...--    |DD    |.%|......---+-.....-+--........--||
    --|.........|---  -----   --.|@-.##|..-.-------..|..---|..|--.-..--|..|
    -.|-.....---      ----    |.).@..%#.-----  --....|---  |..|.0.|-.|.-%.|
  --..|....|.---------|..|    |u)+%..##        |>...`|     --|---.--.----+|
  |.....---|.........--..|    |//%.)|###       -------      |.............|
  |<..---  ------.......--    -------##                     ---------------
  ---           ---------
Ch3Begorrah the Pilferer  St:17 Dx:19 Co:18 In:9 Wi:11 Ch:10  Chaotic
Dlvl:8  $:2137 HP:41(113) Pw:31(31) AC:3  Xp:11 T:13673 

Latest messages:
 Your sacrifice is consumed in a burst of flame!
 You glimpse a four-leaf clover at your feet.
 Your movements are now unencumbered.
 What do you want to zap? [iknoquyzCEHIQT-V or ?*] I
 A giant eel suddenly appears next to you!
 You hit the giant eel!
 You hit the giant eel!
 You kill the giant eel!
 You see here a chameleon corpse.
 D - a chameleon corpse.
 What do you want to sacrifice? [D or ?*] D
 Your sacrifice is consumed in a burst of flame!
 You hear some noises in the distance.
 What do you want to zap? [iknoquyzCEHIQT-V or ?*] I
 A horse suddenly appears next to you!
 You hit the horse!
 You see here a wand of light.
 What do you want to zap? [iknoquyzCEHIQT-V or ?*] I
 A floating eye suddenly appears next to you!
 You kill the floating eye!
 What do you want to zap? [iknoquyzCEHIQT-V or ?*] I
 Nothing happens.
 What do you want to use or apply? [eikn-qu-wyzCEHIQS-V or ?*] I
 Are you really sure you want to break your wand of create monster? [yn] (n) y
 Raising your wand of create monster high above your head, you break it in two!
 But nothing else happens...
 What do you want to read? [hxJX-Z or ?*] Z
 As you read the scroll, it disappears.
 You feel very greedy, and sense gold!
 (For instructions type a '?')
 Something is engraved here on the doorway.
 You read: "Elbereth".
 The black dragon bites!
 The black dragon hits!
 The black dragon hits again!
 You hear some noises in the distance.
 You hear a nearby zap.
 The sleep ray hits it.
 The sleep ray hits it.
 The sleep ray hits the black dragon.
 Are you sure you want to pray? [yn] (n) y
 You begin praying to Kos.
 You are surrounded by a shimmering light.
 You finish your prayer.
 You feel that Kos is well-pleased.
 A dark brown spellbook appears at your feet!
 Something is engraved here on the doorway.
 You read: "Elbereth".
 Really quit without saving? [yn] (n) y
 Do you want your possessions identified? [ynq] (y) q

Inventory:
 Coins    ('$')
  $ - 2137 gold pieces
 Amulets  ('"')
  K - an uncursed amulet of magical breathing
  m - an uncursed amulet of reflection (being worn)
 Weapons  (')')
  g - 15 +0 daggers (at the ready)
  W - a +1 elven dagger named LeftyGood (weapon in right hand)
  f - a +0 elven dagger named Righty
  N - a thoroughly rusty +1 long sword
 Armor    ('[')
  F - an uncursed -1 helm of opposite alignment
  t - an uncursed +1 pair of gauntlets of dexterity (being worn)
  B - a blessed very burnt +0 pair of speed boots (being worn)
  a - an uncursed burnt +0 elven cloak (being worn)
  R - an uncursed +0 Hawaiian shirt with a flamingo motif (being worn)
  b - an uncursed +0 elven mithril-coat (being worn)
 Comestibles  ('%')
  G - an uncursed food ration
  M - an uncursed K-ration
 Scrolls  ('?')
  Y - a cursed scroll of amnesia
  h - an uncursed scroll of earth
  X - an uncursed scroll of enchant armor
  x - a blessed scroll of enchant weapon
  J - 2 cursed scrolls of teleportation
 Potions  ('!')
  r - an uncursed potion of fruit juice
  O - an uncursed potion of hallucination
  P - an uncursed potion of speed
 Rings    ('=')
  s - an uncursed ring of cold resistance named ok
  A - an uncursed ring of invisibility named ok (on left hand)
  j - a cursed ring of searching named ok
  L - an uncursed ring of see invisible named ok
  l - an uncursed ring of stealth named ok
  d - an uncursed ring of teleportation named ok
 Wands    ('/')
  E - a wand of digging (0:5)
  T - a wand of digging (0:3)
  n - a wand of digging (0:2)
  U - a wand of digging (0:1)
  C - a wand of fire (0:6)
  o - a wand of fire (0:1)
  k - a wand of light (0:8)
  q - a wand of light (0:7)
  Q - a wand of locking (0:6)
  z - a wand of nothing (0:12)
  u - a wand of polymorph (0:1)
  y - a wand of speed monster (0:4)
  i - a wand of stasis (0:3)
  V - a blessed wand of striking (0:5)
  H - a wand of undead turning (0:3)
 Tools    ('(')
  p - a cursed tooled horn
  e - an uncursed lock pick
  v - a blessed magic lamp (lit)
  S - an uncursed stethoscope
  w - an uncursed towel
 Gems/Stones  ('*')
  c - an uncursed topaz stone

Ch3Begorrah the Rogue's attributes:

Background:
 You were a Pilferer, a level 11 male human Rogue.
 You were chaotic, on a mission for Kos
 who was opposed by Issek (lawful) and Mog (neutral).
 You were right-handed.
 You were in the Gnomish Mines, on level 8.
 You entered the dungeon 13673 turns ago.
 It was the midnight hour.
 You had 16016 experience points, 3984 more were needed to attain level 12.

Basics:
 You had 41 out of 113 hit points.
 You had all 31 energy points (spell power).
 Your armor class was 3.
 Your wallet contained 2137 zorkmids.
 Autopickup was on for '$!/(' plus thrown, with exceptions.

Final Characteristics:
 Your strength was 17 (limit:18/100).
 Your dexterity was 19 (base:18, innate limit:18).
 Your constitution was 18 (limit:18).
 Your intelligence was 9 (limit:18).
 Your wisdom was 11 (limit:18).
 Your charisma was 10 (limit:18).

Final Status:
 You weren't hungry.
 You were unencumbered.
 You were wielding a dagger.
 You had expert skill with dagger.

Final Attributes:
 You were piously aligned.
 You were poison resistant.
 You saw invisible.
 You had automatic searching.
 You were invisible to others.
 You were stealthy.
 You were guarded.
 You were very fast.
 You had reflection.
 You were very lucky.
 You survived.

Miscellaneous:
 You didn't encounter any bones levels.
 Total elapsed playing time was 5 hours, 10 minutes and 37 seconds.

Major events:
 Turn
    1: Ch3Begorrah the chaotic male human Rogue entered the dungeon
  327: attained the rank of Cutpurse (level 3)
 1201: entered the Gnomish Mines
 2200: attained the rank of Rogue (level 6)
 2385: declined to perform genocide
 3498: entered Home 1, the Quest
 7221: entered Sokoban
 7456: completed 1st Sokoban level
 7865: completed 2nd Sokoban level
 8207: completed 3rd Sokoban level
 8250: attained the rank of Pilferer (level 10)
 9224: completed 4th Sokoban level
 9482: acquired the Sokoban amulet of reflection
11096: reached Mine Town
13673: quit

You didn't know any spells.

Skills:
 Fighting Skills
   bare handed combat [Unskilled]
   two weapon combat  [Basic]
   riding             [Unskilled]
 Weapon Skills
   dagger             [Expert]
   knife              [Unskilled]
   short sword        [Basic]
   broadsword         [Unskilled]
   long sword         [Skilled]
   two-handed sword   [Unskilled]
   saber              [Unskilled]
   club               [Unskilled]
   mace               [Unskilled]
   morning star       [Unskilled]
   flail              [Unskilled]
   hammer             [Unskilled]
   polearms           [Unskilled]
   spear              [Unskilled]
   crossbow           [Unskilled]
   dart               [Unskilled]
   shuriken           [Unskilled]
 Spellcasting Skills
   divination spells  [Unskilled]
   escape spells      [Unskilled]
   matter spells      [Unskilled]

Voluntary challenges:
 Character rerolling was not enabled.
 You followed a strict vegan diet.
 You never genocided any monsters.
 You used no wishes.
 You did not violate any of the special Sokoban rules.
Achievements:
 You attained the rank of Cutpurse.
 You entered the Gnomish Mines.
 You attained the rank of Rogue.
 You entered a temple.
 You entered a shop.
 You entered Sokoban.
 You attained the rank of Pilferer.
 You completed Sokoban.
 You entered Minetown.

 The Dungeons of Doom: levels 1 to 18
    Level 1:
       A sink.
    Level 2: "Black Pudding"
       An altar, a fountain, a sink.
    Level 3:
       An altar to Kos.
    Level 4:
       Many fountains.
       Stairs down to The Gnomish Mines.
    Level 5:
       Many fountains.
       Oracle of Delphi.
    Level 6:
       An altar, a fountain.
       Stairs up to Sokoban, level 5.
    Level 7: "1SB chest"
       A grave.
    Level 8:
       A fountain.
    Level 9: "1sb chest"
       A fountain.
    Level 10:
       A fountain.
    Level 11: "1 sb chgest"
       An altar, a grave.
       Summoned by the Master of Thieves.
       Portal to The Quest.
    Level 12:
       A temple and an altar, a fountain.
    Level 13:
       A throne.
    Level 14:
    Level 15:
    Level 16:
       A general store.
    Level 17:
    Level 18:
       A primitive area.
 The Gnomish Mines: levels 5 to 12
    Level 5:
    Level 6:
    Level 7:
    Level 8: <- You were here.
       Many shops, a temple and an altar to Kos, some fountains.
    Level 9:
    Level 10:
    Level 11:
    Level 12:
 The Quest:
    Level 1:
       Home.
 Sokoban: levels 5 up to 2
    Level 2:
       Solved.
    Level 3:
       Solved.
    Level 4:
       Solved.
    Level 5:
       Solved.


Vanquished creatures:
 an iron golem
  a storm giant
  a red dragon
  a black dragon
  4 baluchitheria
  2 master mind flayers
  a guardian naga
  a captain
 an ettin
  a watch captain
  4 giant mimics
  3 long worms
  2 zruties
 an ogre tyrant
 an umber hulk
 an elven monarch
  4 large mimics
  5 stalkers
  2 fire elementals
  a giant zombie
  2 wargs
  2 winter wolves
 11 small mimics
  8 xans
 an ettin mummy
  a quantum mechanic
  a troll
  a pyrolisk
  2 freezing spheres
  a flaming sphere
  3 tengu
  2 leocrottas
  a green slime
  a python
  a wraith
 an ettin zombie
  a leather golem
  3 watchmen
 an amorous demon
  2 chameleons
  a giant beetle
  a quivering blob
  6 cockatrices
  4 wolves
  2 panthers
  a gremlin
  a spotted jelly
  4 leprechauns
  2 orc-captains
  2 giant spiders
  3 scorpions
  a horse
 an ice vortex
  2 vampire bats
  a forest centaur
  a gnome ruler
  a dwarf mummy
  2 rust monsters
  4 owlbears
  a yeti
  a gold golem
  2 werewolves
  2 Green-elves
  2 lizards
  3 jaguars
  3 dwarf leaders
  a blue jelly
  2 dust vortices
  2 ravens
  a plains centaur
  3 gnome mummies
  2 snakes
  2 apes
  2 human zombies
  a rope golem
  9 soldier ants
  5 fire ants
  2 imps
  a mountain nymph
  7 Uruk-hai
 an orc shaman
  a rock piercer
  a rock mole
  a pony
  2 fog clouds
  a yellow light
  3 shriekers
  4 violet fungi
 16 gnome leaders
  6 gnomish wizards
  a kobold mummy
  a guardian naga hatchling
  a gray ooze
  3 ghouls
  a paper golem
  a baby crocodile
  3 giant ants
  a little dog
  8 floating eyes
 21 dwarves
  a homunculus
  a kobold leader
  a kobold shaman
 18 hill orcs
  3 rothes
  a giant bat
  a monkey
  2 orc zombies
  5 dwarf zombies
  a werejackal
  4 iguanas
  a killer bee
  2 coyotes
  5 hobbits
  4 manes
  a giant rat
  4 cave spiders
  a brown mold
  2 green molds
  a red mold
 48 gnomes
  8 garter snakes
  a gnome zombie
  3 geckos
  2 jackals
  3 foxes
  a kobold
  6 goblins
  3 sewer rats
  6 grid bugs
  a bat
  3 lichens
  2 kobold zombies
  5 newts
406 creatures vanquished.

No species were genocided or became extinct.

Goodbye Ch3Begorrah the Rogue...

You quit in The Gnomish Mines on dungeon level 8 with 67291 points,
and 2137 pieces of gold, after 13673 moves.
You were level 11 with a maximum of 113 hit points when you quit.

